 Dungeon Crawl Stone Soup version 0.30-a0-782-ge64f9170bb (webtiles) character file.

Game seed: 17605140256389480373

161 theswoord the Shooter (level 5, 0/45 HPs)
             Began as a Naga Hunter on Mar 12, 2023.
             Slain by an adder (4 damage)
             ... in a sewer.
             The game lasted 00:03:33 (2184 turns).

theswoord the Shooter (Naga Hunter)                 Turns: 2184, Time: 00:03:34

Health: 0/45       AC:  3    Str: 15    XL:     5   Next: 42%
Magic:  4/5        EV:  9    Int: 10    God:
Gold:   135        SH:  0    Dex: 14    Spells: 3/4 levels left

rFire   + . .      SeeInvis +    a - +0 shortbow
rCold   + . .      Faith    .    (shield currently unavailable)
rNeg    . . .      Spirit   .    c - +0 leather armour
rPois   +          Reflect  .    (no helmet)
rElec   +          Harm     .    (no cloak)
rCorr   +          Rampage  .    (no gloves)
Will    .....                    (no barding)
Stlth   ++                       (no amulet)
HPRegen 0.27/turn                (no ring)
MPRegen 0.09/turn                (no ring)

@: resistant, very slightly contaminated, very slow
A: AC +1, large, see invisible, deformed body, poison resistance, slowness 2,
spit poison 1, naga tail 1
a: Spit Poison


You were in a sewer.
You visited 1 branch of the dungeon, and saw 3 of its levels.
You also visited: Sewer.

You collected 135 gold pieces.

Inventory:

Hand Weapons
 a - a +0 shortbow (weapon)
Armour
 c - a +0 leather armour (worn)
Scrolls
 b - a scroll of immolation
 e - 2 scrolls of blinking
 f - a scroll of fear
 g - 2 scrolls of identify


   Skills:
 - Level 2.0 Fighting
 + Level 5.9 Ranged Weapons
 - Level 1.5 Dodging
 - Level 1.5 Stealth


You had 3 spell levels left.
You knew the following spells:

 Your Spells              Type           Power      Damage    Failure   Level
a - Summon Small Mammal   Summ           0%         N/A       43%         1

Your spell library contained the following spells:

 Spells                   Type           Power      Damage    Failure   Level
 Blink                    Tloc           0%         N/A       56%         2
 Lesser Beckoning         Tloc           0%         N/A       56%         2
 Call Canine Familiar     Summ           0%         N/A       80%         3
 Gell's Gravitas          Tloc           0%         N/A       80%         3
 Summon Guardian Golem    Hex/Summ       0%         N/A       80%         3
 Teleport Other           Tloc           0%         N/A       80%         3
 Manifold Assault         Tloc           0%         N/A       99%         4
 Storm Form               Tmut/Air       0%         N/A       100%        7


Dungeon Overview and Level Annotations

Branches:
Dungeon (3/15)              Sewer (1/1)

Altars:

Shops:
D:2 [


Innate Abilities, Weirdness & Mutations

Your serpentine skin is tough. (AC +1)
You have supernaturally acute eyesight. (SInv)
Armour fits poorly on your strangely shaped body.
Your system is resistant to poisons. (rPois)
You cover ground very slowly.
You can spit poison.
You have a snake-like lower body.


Message History

You are poisoned.
The adder poisons you! The adder barely misses you.
The rat bites you but does no damage. The adder barely misses you.
The adder bites you.
* * * LOW HITPOINT WARNING * * *
You shoot an arrow. The arrow hits the adder!
You kill the adder!
You feel sick. The adder bites you.
* * * LOW HITPOINT WARNING * * *
The rat bites you.
* * * LOW HITPOINT WARNING * * *
The adder bites you but does no damage. The rat closely misses you. x2
You shoot an arrow. The arrow barely misses the adder.
You feel sick. The adder barely misses you. The rat closely misses you.
The rat bites you.
* * * LOW HITPOINT WARNING * * *
You shoot an arrow. The arrow misses the adder.
You feel sick. The adder bites you.
* * * LOW HITPOINT WARNING * * *
The rat bites you.
* * * LOW HITPOINT WARNING * * *
The rat barely misses you. The adder bites you but does no damage.
It was a potion of resistance.
You feel protected.
You feel sick.
You are no longer poisoned.
The adder bites you.
* * * LOW HITPOINT WARNING * * *
The rat barely misses you. The rat closely misses you.
You shoot an arrow.
The arrow hits the adder but does no damage.
The adder closely misses you. The rat bites you but does no damage.
The rat bites you.
* * * LOW HITPOINT WARNING * * *
The adder bites you but does no damage.
You aren't carrying any potions.
You miscast Summon Small Mammal.
You are very lightly contaminated with residual magic.
Nothing appears to happen.
The rat barely misses you. The rat bites you but does no damage.
The adder bites you.
You die...

### ###..
..####
####.....
.†...##
##........
....†.#
#.....†.#
......##
##......#
#......#
#...†..#
#......#
##rrS.##
#≈≈~≈≈≈#
#≈≈@≈≈≈#
#≈~~~~≈#
#≈~~≈~≈#
#≈≈~~≈~#
#≈≈††~~#
#≈≈≈≈~≈#
#≈≈≈~≈~#
#≈≈≈≈~≈#
#≈≈≈≈~~#
#≈≈≈~≈~#
#≈....≈#
#≈≈≈#≈.#
#...).≈#
#≈≈≈~≈~#
#≈....##
#≈≈≈≈~≈#
#~~≈~≈≈#


You could see an adder and 2 rats.

Vanquished Creatures
  2 river rats (Sewer)
  5 adders
  2 worms
  2 dart slugs
  An orc (D:3)
  9 ball pythons
  8 bats
  7 endoplasms
  5 giant cockroaches
  5 goblins
  5 hobgoblins
  4 jackals (D:2)
  2 kobolds (D:2)
  A quokka (D:1)
  10 frilled lizards
  24 rats
92 creatures vanquished.

Vanquished Creatures (collateral kills)
  A rat (Sewer)
1 creature vanquished.

Grand Total: 93 creatures vanquished

Notes
Turn   | Place    | Note
-------+----------+-------------------------------------------
     0 | D:1      | theswoord the Naga Hunter began the quest for the Orb.
     0 | D:1      | Reached XP level 1. HP: 19/19 MP: 1/1
   120 | D:1      | Reached skill level 4 in Ranged Weapons
   120 | D:1      | Reached XP level 2. HP: 26/26 MP: 2/2
   447 | D:1      | Reached XP level 3. HP: 30/32 MP: 3/3
   874 | D:2      | Reached skill level 5 in Ranged Weapons
   874 | D:2      | Reached XP level 4. HP: 39/39 MP: 4/4
   895 | D:2      | Found a faded altar of an unknown god.
  1119 | D:2      | Found Esi Feof's Armour Emporium.
  1586 | D:2      | Learned a level 1 spell: Summon Small Mammal
  1787 | D:3      | Found a glowing drain.
  1802 | Sewer    | Entered a sewer
  1859 | Sewer    | Reached XP level 5. HP: 30/45 MP: 3/5
  2184 | Sewer    | Slain by an adder

Skill      XL: |  1  2  3 |
---------------+----------+-----
Ranged Weapons | 4 5 |  5.9
Fighting       | |  2.0
Dodging        | |  1.5
Stealth        | |  1.5

Action                     |  1- 3 |  4- 6 || total
---------------------------+-------+-------++-------
   Fire: Shortbow          |   111 |   148 ||   259
   Cast: Summon Small Mamm |       |     2 ||     2
    Use: Scroll            |     5 |     1 ||     6
         Potion            |     1 |     2 ||     3
 Armour: Leather armour    |    26 |    46 ||    72
  Dodge: Dodged            |    26 |    71 ||    97

Levels and vault maps discovered:
D:1:      denvon_arrival_planthouse, layout_basic, grunt_decor_cap,
          minmay_lizard_pond
D:2:      layout_loops_ring, basic_ecumenical_altar, serial_shops, shop
D:3:      layout_loops_cross, mainiacjoe_overflow_alcove_4,
          cheibrodos_sewer_entry_bend, minmay_misc_feat_x, minivault_19,
          st_stairs_10, minmay_ogre_servants
Sewer:    sewer_minmay_w
